AoeStats
← Dinoponerg

Arena

510130203Analyzed
1v1 RM · 2d ago on Sep 29, 2026· 42m 26s· 2 players
Game mode
Random Map
Map size
Tiny (2 player)
Population
200
Speed
Normal
Resources
Standard
Victory
Conquest
Starting age
Dark Age
Ending age
Imperial Age
RankedLock teamsTeams togetherTeam positionsShared explorationLock speedFull tech treeHidden civsTurbo modeCheats
Victory
Defeat
🇪🇸 Turks · Spain
612
+14
🇦🇷 Burgundians · Argentina
579
-14
Dinoponerg
5:42 Loom
11:58 Feudal Age
10:27 Double-Bit Axe
10:40 Gold Mining
10:33 Horse Collar
17:02 Castle Age
16:41 Heavy Plow
16:53 Bow Saw
25:50 Crop Rotation
26:22 Two-Man Saw
29:14 Wheelbarrow
31:32 Imperial Age
30:53 Ballistics
30:45 Elite Skirmisher
34:32 Fletching
34:43 Padded Archer Armor
34:49 Scale Barding Armor
34:17 Light Cavalry
35:56 Block Printing
36:38 Illumination
40:14 Block Printing
40:53 Illumination
40:06 Hussar
rastus2406
10:39 Feudal Age
16:23 Castle Age
15:09 Double-Bit Axe
15:07 Horse Collar
19:24 Fervor
20:04 Gold Mining
21:38 Gold Shaft Mining
21:51 Bloodlines
21:47 Heavy Plow
22:30 Sanctity
22:18 Husbandry
26:33 Imperial Age
26:46 Scale Barding Armor
28:05 Forging
28:16 Bow Saw
28:08 Heavy Camel Rider
33:56 Chain Barding Armor
Connection lost

Rejoining the realm…

Still unreachable

The connection could not be restored.

Session expired

The server has moved on; the page needs a fresh start.